 Dungeon Crawl Stone Soup version 0.28-a0-268-g3f656e82c2 (webtiles) character file.

Game seed: 7938167358648952941

282 voltaire321 the Sneak (level 6, -2/35 HPs)
             Began as a Kobold Enchanter on Aug 28, 2021.
             Was an Initiate of Makhleb.
             Slain by a gnoll (8 damage)
             ... on level 5 of the Dungeon.
             The game lasted 00:10:48 (4545 turns).

voltaire321 the Sneak (Kobold Enchanter)            Turns: 4545, Time: 00:10:48

Health: -2/35      AC:  3    Str:  6    XL:     6   Next: 54%
Magic:  17/19      EV: 16    Int: 16    God:    Makhleb [......]
Gold:   168        SH:  0    Dex: 17    Spells: 3/11 levels left

rFire   . . .      SeeInvis .   m - +4 dagger (venom)
rCold   . . .      Faith    .   (shield restricted)
rNeg    . . .      Spirit   .   b - +0 robe
rPois   +          Reflect  .   l - +1 hat
rElec   .          Harm     .   (no cloak)
rCorr   .          Rampage  .   (no gloves)
Will    .....                   (no boots)
Stlth   ++++......              (no amulet)
HPRegen 0.11/turn               j - ring of poison resistance
MPRegen 0.16/turn               t - ring of magical power

@: no status effects
A: small, no large weapons, nightstalker 3
a: Renounce Religion


You were on level 5 of the Dungeon.
You worshipped Makhleb.
Makhleb was noncommittal.
You visited 1 branch of the dungeon, and saw 5 of its levels.

You collected 168 gold pieces.

Inventory:

Hand Weapons
 a - a +1 dagger
 m - a +4 dagger of venom (weapon)
 q - a +0 rapier
 z - the +6 hunting sling of Fegerch {vorpal, rPois rF+ Str+4}
   (You found it on level 4 of the Dungeon)

   Any ammunition fired from it inflicts extra damage upon your enemies.
   Str:       It affects your strength (+4).
   rF:        It protects you from fire.
   rPois:     It protects you from poison.
Missiles
 d - 13 boomerangs (quivered)
 e - 34 poisoned darts
 h - a throwing net
 v - 6 curare-tipped darts
Armour
 b - a +0 robe (worn)
 l - a +1 hat (worn)
Magical Staves
 f - a staff of poison
Jewellery
 j - a ring of poison resistance (left hand)
 n - an amulet of faith
 t - a ring of magical power (right hand)
Wands
 s - a wand of acid (9)
Scrolls
 k - a scroll of teleportation
 p - a scroll of identify
 r - a scroll of fear {unknown}
 y - a scroll of fog {unknown}
 A - a scroll of noise {unknown}
Potions
 c - 2 potions of invisibility
 g - a potion of curing
 i - a potion of flight {unknown}
 o - a potion of attraction {unknown}
 u - a potion of brilliance {unknown}
 w - 2 potions of resistance {unknown}
 x - a potion of might {unknown}


   Skills:
 + Level 2.0 Fighting
 + Level 3.1 Short Blades
 + Level 3.5 Dodging
 + Level 5.3 Stealth
 + Level 3.0 Spellcasting
 + Level 3.7 Hexes
 + Level 2.0 Ice Magic
 + Level 1.0 Invocations


You had 3 spell levels left.
You knew the following spells:

 Your Spells              Type           Power      Damage    Failure   Level
a - Ensorcelled Hibernat  Hex/Ice        22%        N/A       9%          2
b - Confusing Touch       Hex            14%        N/A       12%         3
c - Tukima's Dance        Hex            14%        N/A       12%         3

Your spell library contained the following spells:

 Spells                   Type           Power      Damage    Failure   Level
 Shock                    Conj/Air       8%         1d3       19%         1
 Dazzling Flash           Conj/Hex       16%        N/A       26%         3
 Inner Flame              Hex/Fire       8%         N/A       26%         3
 Swiftness                Air            2%         N/A       50%         3
 Cause Fear               Hex            7%         N/A       36%         4
 Airstrike                Air            1%         N/A       88%         4
 Discord                  Hex            7%         N/A       100%        8


Dungeon Overview and Level Annotations

Branches:
Dungeon (5/15)
 Temple: D:4-7

Altars:
Cheibriados
Gozag
Makhleb
Qazlal
Zin


Innate Abilities, Weirdness & Mutations

You are small and have problems with some larger weapons.
You are completely attuned to the shadows.


Message History

The adder zombie barely misses you.
You closely miss the adder zombie.
The adder zombie is heavily damaged.
The adder zombie bites you.
You hit the adder zombie.
The adder zombie is almost destroyed.
You hit the adder zombie.
You destroy the adder zombie!
Makhleb accepts your kill.
Your Ice Magic skill increases to level 2!
You start resting.
HP restored.
A centaur comes into view.
A gnoll comes into view. It is wielding a +0 spear.
The centaur shouts!
The gnoll shouts!
You hear a shout! x3
The centaur wields a +0 shortbow.
The centaur shoots an arrow.
The arrow closely misses you.
You hear a shout!
You barely miss the centaur.
The centaur unwields a +0 shortbow.
The centaur closely misses you. The centaur misses you.
You hit the centaur but do no damage. The centaur hits you.
The centaur closely misses you.
The gnoll hits you from afar with a +0 spear.
The centaur hits you.
The centaur kicks you but does no damage.
The centaur wields a +0 shortbow.
The centaur shoots an arrow.
The arrow hits you!
* * * LOW HITPOINT WARNING * * *
The gnoll closely misses you.
The centaur unwields a +0 shortbow.
The centaur misses you. The centaur completely misses you.
The gnoll misses you.
Casting: Ensorcelled Hibernation (safe; 9% risk of failure)
Confirm with . or Enter, or press ? or * to list all spells.
Aiming: Ensorcelled Hibernation (safe; 9% risk of failure)
Press: ? - help, Shift-Dir - straight line, f - gnoll
Aim: a gnoll, wielding a +0 spear (chance to affect: 50%)
The gnoll resists with some effort.
The centaur hits you.
* * * LOW HITPOINT WARNING * * *
The centaur misses you. The gnoll hits you with a +0 spear!
You die...

........#
........#
.........
#.....#
#..<..###.
##........
#.........
#........#
#....@g..#
#..##c...#
#####.....
##....
.... ....


You could see a centaur and a gnoll.

Vanquished Creatures
  2 orc priests (D:4)
  Terence (D:3)
  3 orc wizards
  A hound skeleton (D:4)
  2 adders (D:4)
  An adder zombie (D:5)
  2 worms
  A dart slug (D:2)
  9 orcs
  2 ball pythons
  5 bats
  11 endoplasms
  3 giant cockroaches (D:1)
  4 goblins
  6 hobgoblins
  4 kobolds
  3 quokkas
  6 frilled lizards
  8 rats
74 creatures vanquished.

Notes
Turn   | Place    | Note
-------+----------+-------------------------------------------
     0 | D:1      | voltaire321 the Kobold Enchanter began the quest for the
                  | Orb.
     0 | D:1      | Reached XP level 1. HP: 10/10 MP: 3/3
   265 | D:1      | Reached XP level 2. HP: 15/15 MP: 5/5
   292 | D:1      | Learned a level 2 spell: Ensorcelled Hibernation
   331 | D:1      | Found a glowing silver altar of Zin.
   738 | D:1      | Reached XP level 3. HP: 17/20 MP: 6/6
  1822 | D:2      | Found a faded altar of an unknown god.
  1938 | D:2      | Reached skill level 1 in Fighting
  2224 | D:3      | Reached skill level 1 in Ice Magic
  2224 | D:3      | Reached XP level 4. HP: 18/25 MP: 7/7
  2537 | D:3      | Learned a level 3 spell: Confusing Touch
  2541 | D:3      | Learned a level 3 spell: Tukima's Dance
  2542 | D:3      | Found an opulent altar of Gozag.
  2746 | D:3      | Found a large runed translucent door.
  2747 | D:3      | Found a large runed translucent door.
  2903 | D:3      | Noticed Terence
  2912 | D:3      | Killed Terence
  2913 | D:3      | Reached XP level 5. HP: 20/29 MP: 9/9
  3442 | D:3      | Found a burning altar of Makhleb.
  3445 | D:3      | Became a worshipper of Makhleb the Destroyer
  3660 | D:3      | Found a snail-covered altar of Cheibriados.
  3669 | D:3      | Found a stormy altar of Qazlal.
  3840 | D:4      | Reached skill level 5 in Stealth
  4262 | D:4      | Reached XP level 6. HP: 35/35 MP: 10/10
  4280 | D:4      | Identified the +6 hunting sling of Fegerch {vorpal, rPois
                  | rF+ Str+4}
  4363 | D:4      | Reached skill level 1 in Invocations
  4497 | D:5      | Entered Level 5 of the Dungeon
  4545 | D:5      | Slain by a gnoll

Illustrated notes

Levels and vault maps discovered:
D:1:      evilmike_arrival_hilbert_curve, layout_basic, minmay_hexomino_r4
D:2:      layout_basic, hellmonk_ecumenical_altar_heavens_door
D:3:      layout_loops_corners, nicolae_gozag_cash_rules_everything_around_me,
          lightli_temple_of_fire, jmf_multi_god_temple2, uniq_terence
D:4:      layout_loops_ring
D:5:      layout_cave_pools, serial_shops, shop, shop, nicolae_shop_trees

Skill      XL: |  1  2  3  4  5  6 |
---------------+-------------------+-----
Short Blades   | 2 3 |  3.1
Fighting       | 1 2 |  2.0
Dodging        | 3 |  3.5
Ice Magic      | 1 2 |  2.0
Stealth        | 5 |  5.3
Spellcasting   | 3 |  3.0
Invocations    | 1 |  1.0
Hexes          | |  3.7

Action                   |  1- 3 |  4- 6 || total
-------------------------+-------+-------++-------
Melee: Dagger            |   100 |   108 ||   208
 Cast: Ensorcelled Hiber |     1 |     1 ||     2
  Use: Scroll            |     2 |       ||     2
 Stab: Sleeping          |    19 |    13 ||    32
       Distracted        |       |     1 ||     1
Armor: Robe              |    21 |    12 ||    33
Dodge: Dodged            |    63 |    53 ||   116

Table legend: (Time is in decaauts)
 A = Elapsed time spent in this place.
 B = Non-inter-level travel time spent in this place.
 C = Inter-level travel time spent in this place.
 D = Time resting spent in this place.
 E = Time spent auto-exploring this place.
 F = Levels seen in this place.
 G = Mean time per level.
                   A        B        C        D        E       F      G
               +--------+--------+--------+--------+--------+-----+--------+
         Total |   4520 |   4316 |    204 |    547 |   3078 |   5 |  904.0 |
       Dungeon |   4520 |   4316 |    204 |    547 |   3078 |   5 |  904.0 |
               +--------+--------+--------+--------+--------+-----+--------+

Top non-repeatable levels by time:
     D:3: 1492 daAuts
     D:1: 1336 daAuts
     D:2: 854 daAuts
     D:4: 791 daAuts
     D:5: 46 daAuts
